Map: Acid Plant LE

Players

esfrost

  • Race: Zerg Zerg
  • League: Master
  • Spawn Location: 5:00

sirshane - Winner!

  • Race: Zerg Zerg
  • League: Master
  • Spawn Location: 11:00

VOD

Have the link to the VOD?

Description

Time

  • Played on: Aug. 17, 2018, 4:18 p.m.
  • Length: 24:02
Show
View Real Time Build Order
Export as new Build Order

esfrost Zerg 

Build Orders: Pool First 

Get SALT Encoding   

  12  0:01  Drone  
  13  0:08  Extractor  
  13  0:11  Drone  
  13  0:29  Spawning Pool  
  13  0:34  Drone  
  13  0:40  Drone  
  14  0:51  Overlord  
  14  1:16  Zergling x6  
  14  1:17  Metabolic Boost  
  17  1:27  Zergling x2  
  18  1:34  Baneling Nest  
  18  1:38  Zergling x2  
  18  1:47  Spine Crawler  
  18  1:51  Drone  
  18  2:06  Queen  
  18  2:07  Drone  
  22  2:22  Zergling x2  
  22  2:34  Overlord  
  22  2:59  Hatchery  
  22  3:05  Zergling x6  
  20  3:21  Zergling x6  
  23  3:28  Baneling x3  
  23  3:30  Zergling x2  
  24  3:36  Drone  
  25  3:58  Zergling x4  
  25  4:01  Zergling x4  
  29  4:08  Overlord  
  29  4:18  Baneling x4  
  29  4:22  Zergling x4  
  28  4:40  Zergling x4  
  28  4:45  Drone x3  
  33  4:59  Hatchery  
  32  5:02  Baneling  
  32  5:03  Baneling  
  32  5:06  Zergling x2  
  21  5:34  Zergling x10  
  24  5:35  Evolution Chamber  
  24  5:39  Queen  
  25  5:50  Drone x2  
  27  5:58  Drone x2  
  27  6:04  Zerg Melee Weapons Level 1  
  29  6:07  Drone  
  30  6:15  Drone  
  30  6:16  Drone  
  32  6:19  Drone  
  32  6:22  Drone  
  32  6:25  Drone  
  35  6:32  Spine Crawler  
  34  6:45  Overlord  
  34  6:46  Zergling x2  
  35  6:47  Overlord  
  35  6:55  Lair  
  35  7:04  Drone  
  35  7:05  Drone x3  
  37  7:17  Overlord  
  37  7:21  Drone x3  
  39  7:37  Zergling x2  
  39  7:38  Zergling x10  
  39  7:40  Spine Crawler  
  39  7:42  Spine Crawler  
  39  7:43  Zergling x4  
  45  7:52  Queen  
  45  7:54  Zergling x6  
  37  8:20  Zergling x24  
  44  8:46  Zergling x8  
  44  8:47  Zerg Melee Weapons Level 2  
  48  8:56  Zergling x4  
  48  8:57  Zergling x2  
  51  9:05  Zergling x2  
  51  9:06  Zergling x2  
  51  9:09  Hatchery  
  49  9:31  Zergling x2  
  49  9:32  Zergling x18  
  58  9:42  Zergling x2  
  58  9:45  Zergling x8  
  60  9:52  Baneling x6  
  60  9:53  Baneling x4  
  60  10:00  Centrifical Hooks  
  60  10:03  Overlord  
  36  10:40  Spore Crawler  
  30  10:42  Spore Crawler  
  30  10:43  Drone x4, Spore Crawler  
  30  10:46  Drone, Extractor x2, Spore Crawler, Queen  
  30  10:47  Queen  
  34  10:54  Drone x2  
  34  10:55  Drone  
  37  11:02  Spore Crawler  
  36  11:04  Spore Crawler  
  36  11:08  Zergling x2  
  36  11:09  Zergling x2  
  36  11:18  Overlord  
  36  11:20  Zergling x2  
  36  11:21  Zergling x2  
  36  11:29  Zergling x4  
  38  11:36  Zergling x2  
  38  11:37  Zergling x2  
  38  11:38  Zergling x2  
  41  11:44  Zergling x2  
  41  12:00  Zergling x10  
  45  12:07  Hydralisk Den  
  43  12:37  Spawning Pool  
  43  12:38  Hydralisk x3  
  43  12:43  Hydralisk  
  47  12:53  Grooved Spines  
  47  12:55  Hydralisk  
  49  13:01  Hydralisk  
  51  13:10  Overlord  
  51  13:16  Overlord  
  51  13:24  Zergling x2  
  52  13:30  Hydralisk x2  
  52  13:33  Hydralisk  
  58  13:39  Hydralisk  
  60  13:44  Hydralisk  
  62  13:51  Hydralisk  
  64  14:01  Hydralisk  
  66  14:05  Muscular Augments  
  63  14:27  Extractor x2  
  63  14:29  Zergling x2  
  63  14:30  Zergling x10  
  67  14:31  Extractor  
  67  14:34  Zergling x2  
  67  14:44  Overlord  
  67  14:58  Spore Crawler x2  
  57  15:23  Hydralisk  
  56  15:42  Hydralisk  
  48  16:33  Spawning Pool  
  47  17:23  Drone  
  47  17:24  Drone  
  47  17:26  Spore Crawler  
  47  17:29  Spore Crawler  
  49  17:49  Spore Crawler  
  48  17:52  Spore Crawler  
  48  17:54  Overlord  
  47  18:09  Overlord  
  47  18:49  Lair  
  23  19:49  Overlord  
  23  19:51  Overseer  
  23  19:52  Zergling x4  
  17  19:53  Zergling x8  
  21  20:20  Drone x2  
  23  20:26  Zergling x2  
  9  21:01  Zergling x2  
  9  21:02  Zergling x6  
  13  21:18  Spine Crawler  
  11  21:41  Zergling x6  
  14  21:49  Zergling x2  
  15  22:00  Zergling x2  
  15  22:18  Spine Crawler  
  13  22:35  Zergling x4  
  10  22:55  Drone  
  11  23:14  Overseer  
Show
View Real Time Build Order
Export as new Build Order

sirshane Zerg - Winner!

Build Orders: Pool First, Swarm Host 

Get SALT Encoding   

  12  0:23  Drone, Spawning Pool  
  12  0:26  Drone  
  13  0:35  Overlord  
  13  0:40  Drone  
  14  1:09  Zergling x6  
  17  1:21  Drone  
  17  1:24  Hatchery  
  17  1:33  Queen  
  17  1:37  Drone  
  20  1:44  Overlord  
  20  1:52  Drone  
  21  2:00  Spine Crawler  
  20  2:10  Queen  
  20  2:24  Spine Crawler  
  19  2:35  Queen  
  21  2:41  Zergling x8  
  24  2:55  Zergling x8  
  27  3:07  Drone x2  
  27  3:09  Drone  
  27  3:10  Extractor x2  
  28  3:33  Drone x2  
  30  3:35  Overlord  
  30  3:41  Roach Warren  
  30  3:43  Drone  
  29  4:03  Drone x2  
  29  4:07  Drone, Roach Warren  
  31  4:23  Drone  
  28  4:43  Hatchery  
  26  4:51  Roach x3  
  32  5:02  Drone  
  35  5:14  Roach  
  33  5:31  Drone  
  34  5:38  Drone  
  34  5:40  Lair  
  34  5:41  Hatchery  
  34  5:46  Roach x2  
  34  5:48  Overlord  
  38  6:01  Overlord  
  38  6:10  Drone x2  
  38  6:11  Drone  
  41  6:16  Roach  
  43  6:20  Hatchery  
  43  6:22  Roach  
  44  6:34  Drone  
  44  6:39  Glial Reconstitution  
  45  6:51  Roach x4  
  53  7:01  Roach x2  
  57  7:15  Drone x5  
  60  7:19  Spine Crawler  
  60  7:21  Overlord  
  59  7:37  Drone x4  
  59  7:38  Drone  
  59  7:42  Drone x2  
  59  7:43  Drone x2  
  68  7:48  Drone x2  
  70  7:54  Ravager  
  71  8:02  Ravager  
  71  8:04  Ravager  
  66  8:11  Ravager  
  50  8:21  Drone x3  
  50  8:22  Drone x7  
  50  8:25  Extractor x2  
  54  8:36  Drone x6  
  54  8:39  Extractor  
  54  8:40  Extractor  
  54  8:41  Spire  
  53  8:45  Drone x3  
  56  8:53  Spore Crawler x2  
  54  8:59  Roach x3  
  60  9:03  Spine Crawler  
  60  9:05  Roach x3  
  60  9:07  Zergling x2  
  60  9:08  Zergling x4  
  68  9:22  Roach x3  
  55  9:35  Zergling x12  
  56  9:45  Drone  
  56  9:47  Drone  
  56  9:50  Queen  
  60  9:54  Mutalisk  
  60  9:56  Mutalisk  
  60  9:58  Mutalisk x2  
  68  10:02  Overseer, Overlord  
  68  10:11  Overlord  
  62  10:29  Mutalisk x5  
  62  10:33  Drone x2  
  54  10:37  Drone  
  54  10:42  Drone  
  54  10:43  Drone  
  55  10:55  Mutalisk x2  
  59  11:02  Drone x2  
  61  11:11  Roach x3  
  67  11:33  Mutalisk  
  67  11:34  Mutalisk  
  67  11:36  Hatchery  
  69  11:40  Drone x2  
  71  11:52  Drone x3  
  74  12:01  Mutalisk x3  
  80  12:09  Drone x3  
  80  12:10  Drone  
  76  12:34  Overlord x2  
  76  12:42  Overlord  
  76  12:55  Mutalisk x2  
  76  12:56  Mutalisk x4  
  88  12:59  Drone  
  89  13:10  Spine Crawler  
  89  13:11  Drone x3  
  91  13:23  Drone x3  
  91  13:25  Infestation Pit  
  91  13:26  Drone  
  94  13:30  Mutalisk  
  94  13:33  Zerg Flyer Weapons Level 1  
  96  13:37  Queen  
  96  13:39  Drone x2  
  100  13:47  Burrow  
  98  14:05  Mutalisk x4  
  104  14:11  Hatchery  
  101  14:19  Swarm Host  
  101  14:23  Overlord x2  
  104  14:32  Overlord  
  104  14:42  Swarm Host x4  
  117  14:55  Spine Crawler  
  117  14:56  Spine Crawler  
  117  14:57  Swarm Host x2  
  96  15:23  Swarm Host x6  
  109  15:41  Overlord x2  
  87  15:52  Drone x5  
  70  17:13  Hatchery  
  69  17:43  Drone  
  70  17:58  Drone  
  56  19:10  Zerg Flyer Weapons Level 2  
  54  19:39  Drone x8  
  54  20:26  Drone x2  
  56  20:53  Drone  
  57  21:07  Drone  
  49  22:19  Spawning Pool  
  45  22:42  Drone x10  
  45  22:50  Drone  
Tags
 
Composition
Swarm Host
Matchup
ZvZ
Race
Zerg
Spawn Locations
Cross Positions
Add a new tag
Caveats
  • Supply blocks, unpowered buildings, or Contaminate may cause inaccurate times.
  • Supply counts are checked every 10 seconds.